 Dungeon Crawl Stone Soup version 0.30-a0-920-g7493c07aab (webtiles) character file.

Game seed: 16192606132447232256

102 tilp the Slasher (level 5, -15/46 HPs)
             Began as a Meteoran Fighter on Mar 21, 2023.
             Demolished by an ogre
             ... wielding a +0 giant spiked club
              (19 damage)
             ... on level 2 of the Dungeon.
             The game lasted 00:02:54 (656 turns).

tilp the Slasher (Meteoran Fighter)                  Turns: 656, Time: 00:02:54

Health: -15/46     AC: 11    Str: 18    XL:     5   Next: 28%
Magic:  6/6        EV: 10    Int:  9    God:
Gold:   99         SH: 10    Dex: 15    Spells: 4/4 levels left

rFire   . . .      SeeInvis .    a - +0 long sword
rCold   . . .      Faith    .    c - +0 buckler
rNeg    . . .      Spirit   .    k - +0 scale mail
rPois   .          Reflect  +    n - +2 helmet
rElec   .          Rampage  .    (no cloak)
rCorr   .                        (no gloves)
Will    .....                    g - +0 pair of boots Stlth
                                 j - amulet of reflection
HPRegen 0.27/turn                (no ring)
MPRegen 0.10/turn                (no ring)

@: glowing
A: sense surroundings 1, otherworldly, glowing, explore regen
a: no special abilities


You were on level 2 of the Dungeon.
You visited 1 branch of the dungeon, and saw 4 of its levels.

You collected 99 gold pieces.

Inventory:

Hand Weapons
 a - a +0 long sword (weapon)
 b - a +0 dagger of venom
Missiles
 l - a stone (quivered)
Armour
 c - a +0 buckler (worn)
 g - a +0 pair of boots (worn)
 k - a +0 scale mail (worn)
 n - a +2 helmet (worn)
Jewellery
 j - an amulet of reflection (around neck)
Wands
 m - a wand of polymorph (1)
Scrolls
 h - a scroll of amnesia {unknown}
 i - 3 scrolls of identify {unknown}
 p - a scroll of enchant weapon {unknown}
Potions
 d - a potion of might
 e - 2 potions of mutation {unknown}
 f - a potion of heal wounds {unknown}
 o - a potion of cancellation {unknown}


   Skills:
 - Level 4.0 Fighting
 * Level 4.7 Long Blades
 - Level 3.6 Armour
 - Level 2.0 Dodging
 - Level 3.6 Shields


You had 4 spell levels left.
You didn't know any spells.
Your spell library was empty.

Dungeon Overview and Level Annotations

Branches:
Dungeon (4/15) Zot: 1711
 Temple: D:4-7

Altars:
Dithmenos


Innate Abilities, Weirdness & Mutations

You passively map a small area around you.
You are easily found by Zot.
You glow in the dark.
You regain HP and MP as you explore.


Message History

An ogre comes into view. It is wielding a +0 giant spiked club.
The ogre shouts!
Found 8 stones.
An adder comes into view.
The adder hisses angrily.
There is a stone staircase leading up here.
Throw: stone
Press: ? - help, Q - select action, (/) - cycle Shift-Dir - straight line, f - ogre
Aim: an ogre, wielding a +0 giant spiked club (75% to hit)
Okay, then.
The ogre completely misses you.
You climb upwards.
There is a stone staircase leading down here.
Unknown command.
You slash the ogre!
The ogre is heavily wounded.
The ogre hits you with a +0 giant spiked club!!
Ouch! That really hurt!
You barely miss the ogre.
The ogre is heavily wounded.
You hit the ogre.
The ogre is heavily wounded.
You block the ogre's attack.
You hit the ogre but do no damage.
The ogre is heavily wounded.
The ogre hits you with a +0 giant spiked club!!
* * * LOW HITPOINT WARNING * * *
You barely miss the ogre.
The ogre is heavily wounded.
The ogre barely misses you.
Unknown command.
You slash the ogre!
The ogre is almost dead.
You block the ogre's attack.
You hit the ogre but do no damage.
The ogre is almost dead.
You barely miss the ogre.
The ogre is almost dead.
The ogre hits you with a +0 giant spiked club!!
You die...

,
##########.##,#
* * * ,, #.#* *
, ** ** #.# ,
## #.# * ,* ..
..# * , .# ###
* , .#, **
#..####.#.## ,
, #...O@....#
########### * *
, , ,, , * * ,
* , * , * , *


You could see an ogre.

Vanquished Creatures
  A hound (D:2)
  Robin (D:3)
  A gnoll (D:2)
  An adder (D:4)
  A worm (D:2)
  3 bats
  3 endoplasms
  A giant cockroach (D:2)
  8 goblins
  9 hobgoblins
  2 ball pythons (D:2)
  A frilled lizard (D:2)
  3 rats (D:2)
35 creatures vanquished.

Notes
Turn   | Place    | Note
-------+----------+-------------------------------------------
     0 | D:1      | tilp the Meteoran Fighter began the quest for the Orb.
     0 | D:1      | Reached XP level 1. HP: 19/19 MP: 2/2
   101 | D:2      | Noticed a hound
   123 | D:2      | Killed a hound
   124 | D:2      | Reached skill level 1 in Dodging
   124 | D:2      | Reached XP level 2. HP: 5/27 MP: 3/3
   124 | D:2      | Reached XP level 3. HP: 6/33 MP: 4/4
   179 | D:2      | Reached XP level 4. HP: 40/40 MP: 5/5
   237 | D:3      | Noticed Robin
   314 | D:3      | Killed Robin
   360 | D:4      | Reached XP level 5. HP: 46/46 MP: 6/6
   371 | D:3      | Found a faded altar of an unknown god.
   392 | D:3      | Found a shadowy altar of Dithmenos.
   433 | D:3      | Noticed a gnoll sergeant
   643 | D:3      | Noticed an ogre
   652 | D:2      | HP: 2/46 [ogre/+0 giant spiked club (19)]
   656 | D:2      | Demolished by an ogre

Illustrated notes

Levels and vault maps discovered:
D:1:      eino_arrival_tree_alley, layout_basic, serial_shops,
          nicolae_shop_waterfront
D:2:      layout_basic
D:3:      layout_rooms, mainiacjoe_overflow_cross_hatched,
          chequers_ecumenical_altar_island, uniq_robin
D:4:      layout_loops_corners, minmay_shop_mass

Skill      XL: |  1  2  3  4 |
---------------+-------------+-----
Long Blades    | 3 4 |  4.7
Dodging        | 1 2 |  2.0
Fighting       | 4 |  4.0
Armour         | |  3.6
Shields        | |  3.6

Action                     |  1- 3 |  4- 6 || total
---------------------------+-------+-------++-------
  Melee: Long sword        |    39 |    76 ||   115
 Armour: Scale mail        |    21 |    34 ||    55
         Skin              |       |    28 ||    28
  Dodge: Dodged            |    11 |    25 ||    36
  Block: Buckler           |    12 |    50 ||    62

Table legend: (Time is in decaauts)
 A = Elapsed time spent in this place.
 B = Non-inter-level travel time spent in this place.
 C = Inter-level travel time spent in this place.
 D = Time resting spent in this place.
 E = Time spent auto-exploring this place.
 F = Levels seen in this place.
 G = Mean time per level.
                   A        B        C        D        E       F      G
               +--------+--------+--------+--------+--------+-----+--------+
         Total |    687 |    577 |    110 |      0 |      0 |   4 |  171.8 |
       Dungeon |    687 |    577 |    110 |      0 |      0 |   4 |  171.8 |
               +--------+--------+--------+--------+--------+-----+--------+

Top non-repeatable levels by time:
     D:2: 393 daAuts
     D:3: 159 daAuts
     D:1: 128 daAuts
     D:4: 7 daAuts
